 Dungeon Sprint DCSS version 0.18-b1-16-g289874d (webtiles) character file.

1801 otab the Warmonger (level 8, -2/70 HPs)
             Began as a Demonspawn Fighter on May 1, 2016.
             Was an Elder of Okawaru.
             Slain by a killer bee (5 damage)
             ... in the Dungeon (Sprint IX: "|||||||||||||||||||||||||||||").
             The game lasted 00:01:23 (471 turns).

otab the Warmonger (Demonspawn Fighter)              Turns: 471, Time: 00:01:24

Health: -2/70      AC: 19    Str: 18    XL:     8   Next: 83%
Magic:  15/15      EV:  8    Int: 10    God:    Okawaru [****..]
Gold:   0          SH: 11    Dex: 13    Spells: 0 memorised, 7 levels left

rFire  . . .     SeeInvis .     a - +0 long sword
rCold  . . .     Gourm    .     q - +1 chain mail
rNeg   . . .     Faith    .     c - +0 shield
rPois  .         Spirit   .     (no helmet)
rElec  .         Dismiss  .     p - +0 cloak
rCorr  .         Reflect  .     (no gloves)
SustAt .         Harm     .     (no boots)
MR     .....     NoTele   +     (no amulet)
Stlth  ..........               (no ring)
                                r - +2 ring of protection

@: lethally poisoned (-2 -> -3), exhausted, slowed, very slow, not resistant to
hostile enchantments, extremely unstealthy
A: iridescent scales 1, nightstalker 1
a: Heroism, Renounce Religion


You were in the Dungeon.
You worshipped Okawaru.
Okawaru was greatly pleased with you.
You were not hungry.

You visited 1 branch

Inventory:

Hand Weapons
 a - a +0 long sword (weapon)
Armour
 b - a +0 scale mail
 c - a +0 shield (worn)
 p - a +0 cloak (worn)
 q - a +1 chain mail (worn)
Jewellery
 r - a +2 ring of protection (left hand)
 s - a +3 ring of intelligence
Wands
 o - a wand of lightning (5/15)
Scrolls
 k - 2 scrolls of blinking
 m - 3 scrolls of remove curse
 n - 2 scrolls of amnesia
Potions
 e - 5 potions of curing
 g - 2 potions of heal wounds
 h - a potion of haste
 i - 4 potions of magic
Comestibles
 f - a bread ration


   Skills:
 + Level 8.8 Fighting
 * Level 7.7 Long Blades
 + Level 8.5 Armour
 + Level 4.8 Dodging
 + Level 9.5 Shields
 * Level 10.0 Invocations
 + Level 1.0 Evocations


You had 7 spell levels left.
You didn't know any spells.

Dungeon Overview and Level Annotations

Branches:
Dungeon (1/1)

Altars:
Cheibriados
Dithmenos
Elyvilon
Fedhas
Gozag
Kikubaaqudgha
Makhleb
Nemelex Xobeh
Okawaru
Pakellas
Qazlal
Ru
Sif Muna
Trog
Vehumet
Xom
Yredelemnul
Zin
The Shining One
Beogh
Jiyva
Lugonu


Innate Abilities, Weirdness & Mutations

You are partially covered in iridescent scales (AC +4).
You are slightly more attuned to the shadows.


Message History

The killer bee stings you but does no damage.
The killer bee stings you.
* * * LOW HITPOINT WARNING * * *
You are poisoned.
The killer bee poisons you! The killer bee closely misses you.
You miss the killer bee.
The killer bee is severely wounded.
You feel sick.
The killer bee stings you but does no damage.
You block the killer bee's attack. The killer bee stings you.
* * * LOW HITPOINT WARNING * * *
Unknown command.
You closely miss the killer bee.
The killer bee is severely wounded.
You feel sick. You block the killer bee's attack. x3
Unknown command.
You closely miss the killer bee.
The killer bee is heavily wounded.
The killer bee stings you.
You die... ▓▓▓▓▓▓▓▓▓▓▓▓▓▓▓▓▓▓▓▓▓ +..y@))'(÷....)....[) ▓▓▓▓▓▓▓▓▓▓▓▓▓▓▓▓▓▓▓▓▓

You could see a killer bee.

Vanquished Creatures
  A centaur warrior (D)
  A hill giant (D)
  A water moccasin (D)
  An orc warrior (D)
  A necrophage (D)
  A killer bee (D)
  A crimson imp (D)
  A hound (D)
  A worker ant (D)
  A worm (D)
  2 giant geckos (D)
  An orc (D)
  A giant cockroach (D)
  A goblin (D)
  A bat (D)
  3 kobolds (D)
19 creatures vanquished.

Vanquished Creatures (others)
  A death knight (D)
  A big kobold (D)
2 creatures vanquished.

Grand Total: 21 creatures vanquished

Notes
Turn   | Place    | Note
--------------------------------------------------------------
     0 | D        | otab the Demonspawn Fighter began the quest for the Orb.
     0 | D        | Reached XP level 1. HP: 18/18 MP: 1/1
    61 | D        | Noticed a hound
    61 | D        | Noticed a crimson imp
    65 | D        | Gained mutation: You are partially covered in iridescent scales (AC +4). [demonic ancestry]
    65 | D        | Reached XP level 2. HP: 24/24 MP: 2/2
    68 | D        | Killed a crimson imp
    68 | D        | Reached skill level 1 in Dodging
    68 | D        | Reached XP level 3. HP: 30/31 MP: 3/3
    79 | D        | Reached XP level 4. HP: 28/38 MP: 4/4
   120 | D        | Found a glowing silver altar of Zin.
   120 | D        | Found a glowing golden altar of the Shining One.
   120 | D        | Found an ancient bone altar of Kikubaaqudgha.
   120 | D        | Found a basalt altar of Yredelemnul.
   120 | D        | Found a shimmering altar of Xom.
   120 | D        | Found a radiant altar of Vehumet.
   121 | D        | Found an iron altar of Okawaru.
   122 | D        | Found a burning altar of Makhleb.
   123 | D        | Found a deep blue altar of Sif Muna.
   124 | D        | Found a bloodstained altar of Trog.
   125 | D        | Found a sparkling altar of Nemelex Xobeh.
   130 | D        | Found a white marble altar of Elyvilon.
   131 | D        | Found a roughly hewn altar of Beogh.
   132 | D        | Found a viscous altar of Jiyva.
   133 | D        | Found a corrupted altar of Lugonu.
   135 | D        | Became a worshipper of Warmaster Okawaru
   137 | D        | Found a blossoming altar of Fedhas.
   138 | D        | Found a snail-covered altar of Cheibriados.
   139 | D        | Found a shadowy altar of Dithmenos.
   140 | D        | Found a stormy altar of Qazlal.
   141 | D        | Found an opulent altar of Gozag.
   142 | D        | Found a sacrificial altar of Ru.
   143 | D        | Found an oddly glowing altar of Pakellas.
   185 | D        | Noticed a necrophage
   185 | D        | Noticed a hill giant
   185 | D        | Noticed a water moccasin
   188 | D        | Reached skill level 5 in Fighting
   188 | D        | Reached skill level 5 in Shields
   188 | D        | Reached skill level 2 in Invocations
   195 | D        | Killed a hill giant
   195 | D        | Reached * piety under Okawaru
   195 | D        | Reached ** piety under Okawaru
   195 | D        | Reached *** piety under Okawaru
   195 | D        | Reached skill level 5 in Long Blades
   195 | D        | Reached skill level 6 in Invocations
   195 | D        | Reached XP level 5. HP: 29/48 MP: 4/10
   195 | D        | Reached XP level 6. HP: 33/55 MP: 4/11
   195 | D        | Gained mutation: You are slightly more attuned to the shadows. [demonic ancestry]
   195 | D        | Reached XP level 7. HP: 36/60 MP: 4/12
   200 | D        | Reached skill level 7 in Invocations
   426 | D        | Noticed a death knight
   427 | D        | Noticed a centaur warrior
   435 | D        | Killed a death knight
   435 | D        | Reached skill level 8 in Invocations
   435 | D        | Reached XP level 8. HP: 52/68 MP: 12/14
   443 | D        | Killed a centaur warrior
   443 | D        | Reached **** piety under Okawaru
   443 | D        | Reached skill level 9 in Invocations
   462 | D        | Reached skill level 10 in Invocations
   462 | D        | Reached skill level 1 in Evocations
   470 | D        | HP: 3/70 [poisoned by a killer bee]
   471 | D        | Slain by a killer bee

Skill      XL: |  1  2  3  4  5  6  7  8 |
---------------+-------------------------+-----
Shields        | 3 4 7 8 9 |  9.5
Long Blades    | 2 3 5 6 7 |  7.7
Armour         | 3 4 6 7 8 |  8.5
Fighting       | 4 7 8 |  8.8
Dodging        | 1 3 4 |  4.8
Invocations    | 6 8 10 | 10.0
Evocations     | 1 |  1.0

Action                   |  1- 3 |  4- 6 |  7- 9 || total
-------------------------+-------+-------+-------++-------
Melee: Long sword        |    38 |    10 |    44 ||    92
Evoke: Wand              |       |     1 |     1 ||     2
  Use: Potion            |       |     1 |     3 ||     4
 Stab: Invisible         |       |       |     1 ||     1
Armor: Scale mail        |    16 |       |       ||    16
       Chain mail        |       |     2 |    23 ||    25
Dodge: Dodged            |    13 |     2 |    12 ||    27
Block: Shield            |    20 |     6 |    20 ||    46
